 Dungeon Crawl Stone Soup version 0.29-a0-857-g9b1aa3ac5b (webtiles) character file.

Game seed: 10059104304886005791

5637 buhh the Thaumaturge (level 10, -5/60 HPs)
             Began as an Octopode Fire Elementalist on July 17, 2022.
             Was an Initiate of Ashenzari.
             Slain by an orc warrior
             ... wielding a +0 trident
              (16 damage)
             ... on level 9 of the Dungeon.
             The game lasted 00:24:32 (16968 turns).

buhh the Thaumaturge (Octopode Fire Elementalist)  Turns: 16968, Time: 00:24:33

Health: -5/60      AC:  5    Str:  7    XL:     10   Next: 74%
Magic:  25/32      EV: 13    Int: 27    God:    Ashenzari [......]
Gold:   861        SH:  0    Dex: 11    Spells: 21/28 levels left

rFire   . . .      SeeInvis .   E - +5 falchion of Twilight {flame, rPois MP+9 Dex-3}
rCold   . . .      Faith    .   (no shield)
rNeg    . . .      Spirit   .   (helmet restricted)
rPois   +          Reflect  .   (no amulet)
rElec   .          Harm     .   t - +6 ring of intelligence
rCorr   .          Rampage  .   b - +4 ring of protection
Will    .....                   (no ring)
Stlth   ++++......              (no ring)
HPRegen 0.20/turn               (no ring)
MPRegen 0.23/turn               (no ring)
                                (no ring)
                                (no ring)

@: no status effects
A: almost no armour, amphibious, 8 rings, camouflage 1, gelatinous body 1,
(nimble swimmer 1), tentacles, beak, tentacle spike 1, sense surroundings 1
a: Renounce Religion, Curse Item


You were on level 9 of the Dungeon.
You worshipped Ashenzari.
Ashenzari was noncommittal.
You visited 2 branches of the dungeon, and saw 10 of its levels.
You also visited: Bailey.

You collected 976 gold pieces.
You spent 115 gold pieces at shops.

Inventory:

Hand Weapons
 y - the +10 quarterstaff of the Walnut {vorpal, Str+2 Dex+3}
   (You found it on level 5 of the Dungeon)

   It inflicts extra damage upon your enemies.
   Str:       It affects your strength (+2).
   Dex:       It affects your dexterity (+3).
 E - the +5 falchion of Twilight (weapon) {flame, rPois MP+9 Dex-3}
   (You found it on level 6 of the Dungeon)

   It burns those it strikes, dealing additional fire damage.
   Big, fiery blades are also staple armaments of hydra-hunters.
   Dex:       It affects your dexterity (-3).
   rPois:     It protects you from poison.
   MP:        It affects your magic capacity (+9).
Missiles
 g - 30 poisoned darts
 F - 2 curare-tipped darts
Jewellery
 b - a +4 ring of protection (right tentacle)
 t - a +6 ring of intelligence (left tentacle)
Wands
 p - a wand of polymorph (14)
 A - a wand of digging (2)
Scrolls
 a - a scroll of identify {!d}
 c - 5 scrolls of teleportation {!d!d}
 d - a scroll of magic mapping {!d}
 h - 2 scrolls of enchant armour
 j - 2 scrolls of enchant weapon
 l - 2 scrolls of immolation {!r}
Potions
 e - a potion of invisibility {unknown}
 f - 2 potions of berserk rage {unknown}
 i - 2 potions of experience {unknown}
 k - 3 potions of degeneration
 m - 3 potions of attraction {unknown}
 n - 2 potions of lignification {!d}
 o - 2 potions of mutation {!q!d}
 q - a potion of magic {!d}
 r - 3 potions of might {unknown}
 s - a potion of flight {unknown}
 u - a potion of ambrosia {!d}
 v - a potion of resistance {unknown}
 x - a potion of haste {unknown}
 z - a potion of brilliance {unknown}
 B - 2 potions of curing {unknown}


   Skills:
 * Level 1.8 Fighting
 * Level 2.8 Dodging
 - Level 5.0 Stealth
 * Level 9.7 Spellcasting
 - Level 5.0 Conjurations
 - Level 9.0 Fire Magic
 * Level 6.1 Poison Magic


You had 21 spell levels left.
You knew the following spells:

 Your Spells              Type           Power      Damage    Failure   Level
a - Foxfire               Conj/Fire      100%       2x1d9     1%          1
b - Scorch                Fire           100%       2d10      1%          2
c - Olgreb's Toxic Radia  Pois           46%        N/A       3%          4

Your spell library contained the following spells:

 Spells                   Type           Power      Damage    Failure   Level
 Sting                    Tmut/Pois      100%       1d8       1%          1
 Poisonous Vapours        Pois/Air       58%        N/A       1%          2
 Conjure Flame            Conj/Fire      50%        6-21      1%          3
 Inner Flame              Hex/Fire       37%        N/A       1%          3
 Flame Wave               Conj/Fire      50%        2d10      2%          4
 Sandblast                Erth           26%        2d8       4%          1
 Stone Arrow              Conj/Erth      52%        3d10      4%          3
 Passwall                 Tmut/Erth      10%        N/A       7%          2
 Gell's Gravitas          Tloc           13%        N/A       13%         3
 Lesser Beckoning         Tloc           13%        N/A       13%         3
 Teleport Other           Tloc           13%        N/A       13%         3


Dungeon Overview and Level Annotations

Branches:
Dungeon (9/15) Zot: 25972  Temple (1/1) D:5 Zot: 5748     Orc (0/2) D:9
 Bailey (visited)
   Lair: D:8-11

Altars:
Ashenzari
Cheibriados
Dithmenos
Fedhas
Gozag
Hepliaklqana
Makhleb
Okawaru
Qazlal
Sif Muna
Trog
Uskayaw
Wu Jian
Xom
Yredelemnul
Zin
The Shining One

Shops:
D:4 *   D:6 (

Annotations:
D:1 exclusion: downstairs
D:4 Blork the orc
D:5 exclusions: downstairs and lemure, Pikel, Sigmund
D:6 exclusion: downstairs
D:7 1 runed translucent door, Crazy Yiuf, Maggie
D:8 exclusion: steam dragon
D:9 4 runed translucent doors, Harold


Innate Abilities, Weirdness & Mutations

You cannot wear most types of armour.
You are amphibious.
You can wear up to eight rings at the same time.
Your skin changes colour to match your surroundings (Stealth+).
Your rubbery body absorbs attacks. (AC +1, EV +1)
((You are camouflaged when in or above water. (Stealth+)))
You have tentacles for arms and can constrict up to eight enemies at once.
You have a beak for a mouth.
One of your tentacles bears a spike.
You passively map a small area around you.


Message History

There is not enough space to conjure foxfire!
Flames lash the water moccasin.
The water moccasin is moderately wounded.
The water moccasin's fire resistance burns away.
You hear an angry hiss.
You hear a shout!
The foxfire hits the water moccasin.
The water moccasin is burned terribly!
The water moccasin is heavily wounded.
The foxfire hits the water moccasin.
The water moccasin is burned terribly!
The water moccasin is heavily wounded.
The water moccasin bites you!
A wyvern comes into view.
You hear a bellow!
You hear a howl!
Flames lash the water moccasin.
The water moccasin is burned terribly!
The water moccasin is almost dead.
The water moccasin bites you but does no damage.
The water moccasin bites you! The water moccasin barely misses you.
You miss the water moccasin. Your grab misses the water moccasin.
Your tentacle spike misses the water moccasin.
Your peck misses the water moccasin. Your squeeze misses the water moccasin.
The water moccasin is almost dead.
The water moccasin bites you.
An orc warrior comes into view. It is wielding a +0 trident.
Flames lash the water moccasin.
The water moccasin is burned terribly!
You kill the water moccasin!
Flames lash the wyvern.
The wyvern is lightly wounded.
The wyvern's fire resistance burns away.
The wyvern bites you. The wyvern bites you!
The orc warrior hits you from afar with a +0 trident!
* * * LOW HITPOINT WARNING * * *
Unknown command.
Okay, then.
Aiming: Paralyse
Press: ? - help, Shift-Dir - straight line, f - wyvern
Aim: a wyvern (lightly wounded, more vulnerable to fire, chance to affect: 49%)
The wyvern resists with some effort.
The now-empty wand crumbles to dust.
The wyvern closely misses you.
The orc warrior hits you from afar with a +0 trident!
You die...

##..# * **
+.##++##...#
#...# ,
###8..8##).#
#...## *
#8....8#))#
###....#
#!....}#).#
.##....#*** *
#[....)#).#
.##...##, ,
#8y...8#[)#
.###..#
#####8Y.8##..#
...'..#
#.'.##++##)).#
####..#
#..#ol@.....#.#
# #..#,* ##
#.######.#.# #
#..# ,, #.#
#.#.# # #...
**..# #.#.# #
###.. ..##
#.#.# # *###
### #.#.# # #.#
# .#


You could see a catoblepas, an orc warrior and a wyvern (combustible).

Vanquished Creatures
  A troll (D:9)
  Grinder (D:3)
  A wraith (D:9)
  A steam dragon (D:8)
  Menkaure (D:7)
  An acid dragon (D:9)
  4 water moccasins
  7 orc warriors (Bailey)
  2 black bears (D:6)
  11 centaurs
  2 ogres
  A bullfrog (D:8)
  4 kobold brigands
  3 necrophages
  A gnoll sergeant (D:9)
  A scorpion (D:6)
  7 wights (D:7)
  8 killer bees
  5 orc priests
  3 gnoll boudas
  8 hounds
  A jelly (D:6)
  Ijyb (D:3)
  Jessica (D:3)
  5 orc wizards
  2 iguanas (D:4)
  16 gnolls
  7 adders
  A shadow imp (D:6)
  3 white imps
  2 worms
  A dart slug (D:1)
  33 orcs
  3 endoplasms (D:4)
  7 giant cockroaches
  8 goblins
  13 hobgoblins
  3 jackals (D:1)
  5 quokkas
  A ball python (D:3)
  4 bats
  8 frilled lizards
  15 kobolds
  4 rats
217 creatures vanquished.

Vanquished Creatures (others)
  A bat (D:1)
  A kobold (D:1)
  881 foxfires
  2 plants (D:8)
885 creatures vanquished.

Grand Total: 1102 creatures vanquished

Notes
Turn   | Place    | Note
-------+----------+-------------------------------------------
     0 | D:1      | buhh the Octopode Fire Elementalist began the quest for the
                  | Orb.
     0 | D:1      | Reached XP level 1. HP: 11/11 MP: 3/3
   945 | D:1      | Reached XP level 2. HP: 17/17 MP: 0/5
  1947 | D:1      | Reached XP level 3. HP: 21/21 MP: 2/6
  2778 | D:2      | Reached XP level 4. HP: 27/27 MP: 1/7
  3408 | D:2      | Found a bloodstained altar of Trog.
  3720 | D:2      | Learned a level 2 spell: Scorch
  3884 | D:3      | Noticed Grinder
  4540 | D:3      | Paralysed by Grinder for 3 turns
  4578 | D:3      | Killed Grinder
  4579 | D:3      | Reached skill level 5 in Stealth
  4579 | D:3      | Reached XP level 5. HP: 23/31 MP: 3/8
  4579 | D:3      | Reached XP level 6. HP: 27/36 MP: 3/9
  4797 | D:3      | Noticed Ijyb
  4814 | D:3      | Killed Ijyb
  5238 | D:3      | Noticed Jessica
  5241 | D:3      | Killed Jessica
  5607 | D:4      | Reached skill level 5 in Fire Magic
  5665 | D:4      | Reached XP level 7. HP: 41/41 MP: 1/10
  6034 | D:4      | Found a shimmering altar of Xom.
  6071 | D:4      | Noticed Blork the orc
  6698 | D:4      | Reached skill level 5 in Conjurations
  6846 | D:4      | Found Rast's Assorted Antiques.
  6854 | D:4      | Bought a shiny glass ring for 115 gold pieces
  7074 | D:5      | Entered Level 5 of the Dungeon
  7099 | D:5      | Found a hide-covered altar of Uskayaw.
  7167 | D:5      | Found a staircase to the Ecumenical Temple.
  7185 | Temple   | Entered the Ecumenical Temple
  7411 | Temple   | Became a worshipper of Ashenzari the Shackled
  7535 | D:5      | Identified the +10 quarterstaff of the Walnut {vorpal,
                  | Str+2 Dex+3}
  7704 | D:5      | Reached XP level 8. HP: 45/46 MP: 4/14
  7888 | D:5      | Noticed Sigmund
  7985 | D:5      | Found a blossoming altar of Fedhas.
  8034 | D:5      | Noticed Pikel
  8415 | D:6      | Reached skill level 5 in Spellcasting
  8672 | D:6      | Identified the +5 falchion of Twilight {flame, rPois MP+9
                  | Dex-3}
  8944 | D:6      | Found Ihess's Antique Weapon Shoppe.
  9672 | D:6      | Reached XP level 9. HP: 24/51 MP: 13/18
 10228 | D:7      | Noticed Menkaure
 10252 | D:7      | Killed Menkaure
 10347 | D:7      | Found a snail-covered altar of Cheibriados.
 10982 | D:7      | Gained mutation: One of your tentacles bears a spike.
                  | [potion of mutation]
 10982 | D:7      | Gained mutation: You passively map a small area around you.
                  | [potion of mutation]
 10982 | D:7      | Gained mutation: You have a beak for a mouth. [potion of
                  | mutation]
 11752 | D:7      | Noticed Maggie
 12036 | D:7      | Found a runed translucent door.
 12037 | D:7      | Noticed Crazy Yiuf
 12106 | D:7      | Reached skill level 1 in Poison Magic
 12436 | D:8      | Found a flagged portal.
 12457 | Bailey   | Entered a bailey
 12786 | Bailey   | Reached XP level 10. HP: 36/56 MP: 10/22
 14998 | Bailey   | Learned a level 4 spell: Olgreb's Toxic Radiance
 15020 | Bailey   | Acquired 316 gold pieces
 15031 | Bailey   | Reached skill level 5 in Poison Magic
 15496 | D:8      | Found a hazy altar of Hepliaklqana.
 16401 | D:9      | Found an iron altar of Okawaru.
 16437 | D:9      | Reached skill level 1 in Fighting
 16506 | D:9      | Found a staircase to the Orcish Mines.
 16585 | D:9      | Noticed Harold
 16593 | D:9      | Found a large runed translucent door.
 16596 | D:9      | Found a large runed translucent door.
 16600 | D:9      | Noticed a catoblepas
 16898 | D:9      | Found a large runed translucent door.
 16898 | D:9      | Found a large runed translucent door.
 16957 | D:9      | Identified the +0 cloak of Zin's Righteous Anger {+Blink
                  | rN+ Str+5}
 16968 | D:9      | Slain by an orc warrior

Illustrated notes

Levels and vault maps discovered:
D:1:      psy_arrival_spokes, layout_basic, columned_hall_lemuel,
          lemuel_flame_loot_1
D:2:      layout_rooms, basic_altar
D:3:      mumra_celtic_spiral_tile, layout_rooms, uniq_jessica, uniq_ijyb,
          uniq_grinder
D:4:      layout_loops_cross, mainiacjoe_overflow_boulevard, serial_shops,
          nicolae_diamond_shop, uniq_blork_the_orc
D:5:      layout_loops_ring, eat_drink_and_be_merry_uskayaw,
          mainiacjoe_overflow_alcove_4, minmay_temple_entry_offerings,
          serial_shops, shop, uniq_sigmund, uniq_pikel
D:6:      layout_loops_ring, serial_shops, nicolae_take_the_stairs, st_stairs_1
D:7:      kennysheep_housing_project, layout_cave_pods,
          nemelex_dance_club_becter, lemuel_round_altar, uniq_menkaure,
          uniq_crazy_yiuf_cottage, uniq_maggie
D:8:      layout_rooms, nicolae_ru_great_annihilating_truth,
          nicolae_hepliaklqana_hazy_memory,
          mainiacjoe_overflow_concentric_impassable, enter_bailey_4
D:9:      layout_basic, mainiacjoe_overflow_24_doors,
          minmay_hollow_rounded_squares, uniq_harold
Temple:   grunt_temple_mini_profane

Skill      XL: |  1  2  3  4  5  6  7  8  9 10 |
---------------+-------------------------------+-----
Stealth        | 3 4 5 |  5.0
Conjurations   | 2 3 4 5 |  5.0
Fire Magic     | 4 5 6 7 8 9 |  9.0
Spellcasting   | 4 6 8 9 |  9.7
Poison Magic   | 2 6 |  6.1
Fighting       | 1 |  1.8
Dodging        | |  2.8

Action                   |  1- 3 |  4- 6 |  7- 9 | 10-12 || total
-------------------------+-------+-------+-------+-------++-------
Melee: Unarmed           |    11 |    15 |     8 |       ||    34
       Tentacles         |     2 |     7 |     3 |       ||    12
       Constrict         |     2 |     5 |     4 |       ||    11
       Quarterstaff      |       |       |     9 |       ||     9
       Falchion          |       |       |    16 |     1 ||    17
Throw: Throwing net      |       |     1 |       |       ||     1
 Cast: Foxfire           |   106 |    48 |    98 |   248 ||   500
       Scorch            |       |    24 |   133 |    17 ||   174
       Olgreb's Toxic Ra |       |       |       |    17 ||    17
Evoke: Wand              |       |     1 |     9 |     1 ||    11
  Use: Scroll            |       |       |    12 |     2 ||    14
       Potion            |       |       |     6 |     2 ||     8
 Stab: Sleeping          |       |     1 |     1 |       ||     2
Armor: Skin              |     3 |     2 |    79 |    12 ||    96
Dodge: Dodged            |    16 |    11 |    67 |    31 ||   125

Table legend: (Time is in decaauts)
 A = Elapsed time spent in this place.
 B = Non-inter-level travel time spent in this place.
 C = Inter-level travel time spent in this place.
 D = Time resting spent in this place.
 E = Time spent auto-exploring this place.
 F = Levels seen in this place.
 G = Mean time per level.
                   A        B        C        D        E       F      G
               +--------+--------+--------+--------+--------+-----+--------+
         Total |  17002 |  16663 |    339 |   6862 |   7555 |  11 | 1545.6 |
       Dungeon |  13772 |  13498 |    274 |   4809 |   7106 |   9 | 1530.2 |
        Temple |    251 |    186 |     65 |      0 |    173 |   1 |  251.0 |
        Bailey |   2977 |   2977 |      0 |   2053 |    276 |   1 | 2977.0 |
               +--------+--------+--------+--------+--------+-----+--------+

Top non-repeatable levels by time:
  Bailey: 2977 daAuts
     D:7: 2280 daAuts
     D:2: 2238 daAuts
     D:1: 2161 daAuts
     D:6: 1766 daAuts
     D:4: 1579 daAuts
     D:3: 1098 daAuts
     D:5: 1056 daAuts
     D:9: 1027 daAuts
     D:8: 565 daAuts
  Temple: 251 daAuts
